 Dungeon Crawl Stone Soup version 0.29-a0-330-g52719c12eb (webtiles) character file.

Game seed: 2871627037256216671

268 Leszczynek the Chopper (level 6, 0/48 HPs)
             Began as a Human Gladiator on Apr 19, 2022.
             Was an Initiate of Ru.
             Killed by nerve-wracking pain
             ... invoked by a shadow imp
              (14 damage)
             ... on level 5 of the Dungeon.
             The game lasted 00:12:11 (1347 turns).

Leszczynek the Chopper (Human Gladiator)            Turns: 1347, Time: 00:12:12

Health: 0/48       AC:  4    Str: 17    XL:     6   Next: 45%
Magic:  6/6        EV: 12    Int:  8    God:    Ru [......]
Gold:   98         SH:  0    Dex: 14    Spells: 5/5 levels left

rFire   . . .      SeeInvis .   a - +0 war axe
rCold   . . .      Faith    .   (no shield)
rNeg    . . .      Spirit   .   s - +0 ring mail
rPois   .          Reflect  .   c - +0 helmet
rElec   .          Harm     .   u - scarf {repulsion}
rCorr   .          Rampage  .   (no gloves)
Will    .....                   k - +1 pair of boots
Stlth   +.........              (no amulet)
HPRegen 0.16/turn               (no ring)
MPRegen 0.10/turn               (no ring)

@: corroded, repel missiles
A: no striking features
a: Renounce Religion


You were on level 5 of the Dungeon.
You worshipped Ru.
Ru was noncommittal.
You visited 2 branches of the dungeon, and saw 7 of its levels.

You collected 98 gold pieces.

Inventory:

Hand Weapons
 a - a +0 war axe (weapon)
 b - a +0 hand crossbow
Missiles
 d - a throwing net
 e - a javelin (quivered)
 i - 2 poisoned darts
 q - a boomerang
Armour
 c - a +0 helmet (worn)
 k - a +1 pair of boots (worn)
 s - a +0 ring mail (worn)
 u - a scarf of repulsion (worn)
 v - a +0 leather armour
Scrolls
 g - 4 scrolls of fear
 j - a scroll of enchant armour {unknown}
 l - 2 scrolls of teleportation
 m - 2 scrolls of identify {unknown}
 p - a scroll of vulnerability {unknown}
 r - a scroll of noise {unknown}
Potions
 f - a potion of heal wounds {unknown}
 h - a potion of degeneration {unknown}
 n - a potion of attraction {unknown}
 o - 2 potions of might {unknown}
 t - a potion of haste {unknown}


   Skills:
 * Level 3.9 Fighting
 * Level 4.5 Axes
 + Level 3.1 Throwing
 + Level 3.9 Dodging


You had 5 spell levels left.
You didn't know any spells.
Your spell library contained the following spells:

 Spells                   Type           Power      Damage    Failure   Level
 Frozen Ramparts          Ice            0%         1d2       94%         3
 Ice Form                 Ice/Tmut       0%         N/A       100%        4
 Summon Ice Beast         Ice/Summ       0%         N/A       100%        4


Dungeon Overview and Level Annotations

Branches:
Dungeon (6/15)             Temple (1/1) D:4

Altars:
Dithmenos
Elyvilon
Fedhas
Gozag
Hepliaklqana
Makhleb
Nemelex Xobeh
Ru
Sif Muna
Trog
Wu Jian
Yredelemnul

Annotations:
D:2 Sigmund
D:5 Blork the orc, Dowan, Duvessa


Message History

The puff of frost is repelled.
The puff of frost hits the shadow imp.
The shadow imp resists.
The shadow imp gestures at you. Pain shoots through your body!
The jelly hits you but does no damage.
You slash the jelly!
You kill the jelly!
You hit the shadow imp. You barely miss the white imp.
The white imp barely misses you. The shadow imp closely misses you.
The shadow imp barely misses you. The white imp hits you.
The white imp freezes you.
You hit the white imp.
The white imp is heavily wounded.
You hit the shadow imp. The white imp completely misses you.
The shadow imp hits you but does no damage.
You slash the white imp!
You kill the white imp!
You completely miss the shadow imp.
The shadow imp hits you but does no damage.
You closely miss the shadow imp.
You punch the shadow imp, but do no damage.
The shadow imp is severely wounded.
The shadow imp hits you.
You completely miss the shadow imp.
The shadow imp is severely wounded.
The shadow imp misses you. The shadow imp gestures at you.
Pain shoots through your body!
You barely miss the shadow imp.
The shadow imp is heavily wounded.
The shadow imp hits you but does no damage.
You hit the shadow imp.
The shadow imp is severely wounded.
The shadow imp hits you.
You hit the shadow imp.
The shadow imp is almost dead.
The shadow imp gestures at you.
You barely resist. The shadow imp gestures at you.
Pain shoots through your body!
You die...

...### .#....#####
........[.############
...#'''#.............
##...########.####.
##.....## #.# #.
#...>...# #.# #.
#.......# #.# #.
#..@.>..# #.####.
##5...)## #......
##...#############.
#####.............
#....^..#####...#.
#.......# #...#.
##'##....# #...#.
##...##...## #...#.
##.....##...# #...#.


You could see a shadow imp.

Vanquished Creatures
  A black bear (D:4)
  A hound (D:5)
  A jelly (D:5)
  An iguana (D:6)
  A gnoll (D:1)
  2 adders
  A shadow imp (D:5)
  A white imp (D:5)
  2 dart slugs
  3 orcs
  A bat (D:2)
  3 endoplasms
  3 giant cockroaches
  2 hobgoblins
  6 jackals
  2 quokkas (D:4)
  4 ball pythons
  2 frilled lizards (D:3)
  5 goblins
  3 kobolds
  A rat (D:3)
46 creatures vanquished.

Notes
Turn   | Place    | Note
-------+----------+-------------------------------------------
     0 | D:1      | Leszczynek the Human Gladiator began the quest for the Orb.
     0 | D:1      | Reached XP level 1. HP: 16/16 MP: 1/1
    62 | D:1      | Reached XP level 2. HP: 21/22 MP: 2/2
   138 | D:2      | Reached XP level 3. HP: 16/27 MP: 3/3
   158 | D:2      | HP: 5/28 [hobgoblin (3)]
   169 | D:2      | HP: 1/28 [hobgoblin (4)]
   170 | D:2      | i will NOT use a net on hobgoblin
   170 | D:2      | fuck you
   172 | D:2      | look at this, 11 turns of missing
   174 | D:2      | >43%
   439 | D:2      | Noticed Sigmund
   452 | D:4      | Found a shadowy altar of Dithmenos.
   514 | D:5      | Entered Level 5 of the Dungeon
   514 | D:5      | Noticed Duvessa
   515 | D:5      | Noticed Dowan
   518 | D:5      | Noticed Blork the orc
   521 | D:5      | XD
   616 | D:4      | oh, NOW i find this on d:4
   616 | D:4      | not when i try to play a caster
   616 | D:4      | thanks
   675 | D:3      | Reached XP level 4. HP: 34/34 MP: 4/4
   712 | D:4      | Noticed a black bear
   730 | D:4      | Killed a black bear
   731 | D:4      | Reached skill level 3 in Fighting
   731 | D:4      | Reached skill level 4 in Axes
   731 | D:4      | Reached XP level 5. HP: 28/41 MP: 5/5
   784 | D:4      | Found a staircase to the Ecumenical Temple.
   802 | Temple   | Entered the Ecumenical Temple
   884 | Temple   | hmmmmmmmmmmmmmmmmmmmmmmmmmmmmmmm
   885 | Temple   | well, let's try this again
   899 | Temple   | Became a worshipper of Ru the Awakened
  1173 | D:5      | Reached XP level 6. HP: 31/47 MP: 6/6
  1289 | D:6      | Noticed an orc warrior
  1289 | D:6      | Noticed an ice beast
  1292 | D:6      | great
  1306 | D:6      | Reached skill level 3 in Throwing
  1347 | D:5      | Killed from afar by a shadow imp

Illustrated notes b#.... . w.... #. g#.. .. ...## #.#S#.... .....S..##### #.....#<..# #.###.# #..g@.# ####### Turn 170 on D:2: i will NOT use a net on hobgoblin b#.... . w.... #. g#.. .. ...## #.#.#.... ........##### #.....#<..# #.###.# #..@..# ####### Turn 172 on D:2: look at this, 11 turns of missing .#.... . ..... #. .#.. .. ...## #.#.#.... ........##### #.....#<..# #@###.# #..)..# ####### Turn 174 on D:2: >43% .......#.#..#.#.!.. ................... ..............[... .......<.......... #######.......#. #...e...# ###.....# ##.#..# #.#.@# ......#.# ......#.# ...o..... ...#..#.#. ...##..#.#. ## ...#.# . ..# Turn 521 on D:5: XD .. #+## ... ##..###... # ....... ....#. . ...... #..# #'### #...# ###..###...######...# .. ...................# .. ...........@......# . .<...............# #.##..####...###....# ####.##)###########....## ............#...........# .......)....'...).......# ............#...........# #######.##.####..##..#### .######.##.# #..##..# Turn 616 on D:4: oh, NOW i find this on d:4 #### ##### ####≈≈≈### ###≈≈≈#### #≈≈≈≈≈≈≈≈# ##≈≈≈≈≈≈≈≈### ..........##...........## ..<................_....# .......... #............## .........# #...@........# ......#### ####.........# ....##### #####.......## ...##...## ##...##.......# ...#.....# #.....#.......# ...'.._..# #.._..'.......8 ...#.....# #.....#.......# ...##...## ##...##.......P ...# #### #### #.......# Turn 884 on Temple: hmmmmmmmmmmmmmmmmmmmmmmmmmmmmmmm

#### ##### ####≈≈≈###
###≈≈≈#### #≈≈≈≈≈≈≈≈#
##≈≈≈≈≈≈≈≈###
..........##...........##
..<................_....#
..........
#............##
.........# #............#
......#### ####@........#
....##### #####.......##
...##...##
##...##.......#
...#.....#
#.....#.......#
...'.._..#
#.._..'.......8
...#.....#
#.....#.......#
...##...##
##...##.......P ...# ####
#### #.......# ...##...##
##...##.......8


Turn 885 on Temple: well, let's try this again #####.#.... .... ............
.... >.......... .... ........... ... .......... .|###. .......#.##......
..........)...# ..............# #...#.@......# # ##†##....... #.......![.
##.....#... ...#..... #.o..##.. ....# ...... Y...oo Turn 1292 on D:6: great

Levels and vault maps discovered:
D:1:      dpeg_arrival_shrine, layout_rooms
D:2:      layout_basic, serial_shops, nicolae_shop_overgrown_old_shop,
          st_stairs_2, uniq_sigmund, uniq_crazy_yiuf_cottage
D:3:      wander_river, layout_basic, serial_shops, nicolae_lakefront_shop,
          minmay_quantized
D:4:      layout_gridville, chequers_temple_overflow_statue_of_worship,
          amcnicky_altar_gilded, grunt_temple_overflow_diamond,
          minmay_temple_entry_mist
D:5:      kennysheep_spiral_hall, layout_basic, dk_noncrumbling_3,
          kennysheep_windowed_goal, uniq_blork_the_orc, uniq_duvessa
D:6:      layout_rooms, mainiacjoe_overflow_cross_hatched,
          mainiacjoe_overflow_24_doors
Temple:   minmay_temple_curvy_loop

Skill      XL: |  1  2  3  4  5  6 |
---------------+-------------------+-----
Fighting       | 3 |  3.9
Axes           | 4 |  4.5
Throwing       | 3 |  3.1
Dodging        | |  3.9

Action                   |  1- 3 |  4- 6 || total
-------------------------+-------+-------++-------
Melee: War axe           |    99 |    73 ||   172
       Punch             |       |     1 ||     1
Throw: Throwing net      |     4 |       ||     4
       Javelin           |     1 |     2 ||     3
  Use: Scroll            |       |     3 ||     3
Armor: Leather armour    |    28 |       ||    28
       Ring mail         |     2 |    51 ||    53
Dodge: Dodged            |    80 |    46 ||   126
       Repelled          |       |     1 ||     1

Table legend: (Time is in decaauts)
 A = Elapsed time spent in this place.
 B = Non-inter-level travel time spent in this place.
 C = Inter-level travel time spent in this place.
 D = Time resting spent in this place.
 E = Time spent auto-exploring this place.
 F = Levels seen in this place.
 G = Mean time per level.
                   A        B        C        D        E       F      G
               +--------+--------+--------+--------+--------+-----+--------+
         Total |   1472 |   1393 |     79 |      0 |      0 |   7 |  210.3 |
       Dungeon |   1345 |   1294 |     51 |      0 |      0 |   6 |  224.2 |
        Temple |    126 |     98 |     28 |      0 |      0 |   1 |  126.0 |
               +--------+--------+--------+--------+--------+-----+--------+

Top non-repeatable levels by time:
     D:4: 397 daAuts
     D:5: 307 daAuts
     D:3: 264 daAuts
     D:2: 190 daAuts
  Temple: 126 daAuts
     D:1: 124 daAuts
     D:6: 62 daAuts
